[Event "50th Ciudad Sevilla 2024"]
[Site "Sevilla"]
[Date "2025.01.15"]
[Round "6.10"]
[White "Garcia Jimenez, Santiago"]
[Black "Marin, Mihail"]
[Result "0-1"]
[Annotator "RC"]
[ECO "B45"]
[WhiteElo "2187"]
[BlackElo "2431"]
[PlyCount "94"]
[EventDate "2025.01.10"]
[EventType "swiss"]
[EventCountry "ESP"]
[SourceTitle "playchess.com"]
[Source "ChessBase"]
[SourceQuality "1"]
[TimeControl "5400+30"]

1. e4 c5 2. Nf3 e6 3. d4 cxd4 4. Nxd4 Nc6 5. Nc3 d6 6. Be3 Nf6 7. Qd2 Be7 8. f3 O-O 9. O-O-O a6 10. g4 Nd7 11. h4 Nxd4 12. Bxd4 b5 13. g5 b4 14. Na4 Qa5 15. b3 Nc5 16. Nxc5 dxc5 17. Bb2 Rd8 18. Qh2 Rxd1+ 19. Kxd1 Bd7 20. Kc1 Bb5 21. g6 hxg6 22. h5 Bg5+ 23. f4 Bh6 24. hxg6 Bxf1 25. gxf7+ Kxf7 26. Qh5+ Kf8 27. Rxf1 Qb5 28. Rg1 c4 29. Be5 Bxf4+ 30. Kb1 Bxe5 31. bxc4 Qc5 32. Rf1+ Ke7 33. Qf7+ Kd6 34. Rd1+ Kc6 35. Qd7+ Kb6 36. Qxe6+ Kb7 37. Rd7+ Bc7 38. Qd5+ Qc6 39. c5 Re8 40. Qd6 Rxe4 41. Rxg7 Re8 42. Kb2 Rc8 43. Rd7 Qb5 44. Qd5+ Kb8 45. Kb1 Re8 46. Qf7 Re1+ 47. Kb2 Be5+ 0-1

[Event "50th Ciudad Sevilla 2024"]
[Site "Sevilla"]
[Date "2025.01.15"]
[Round "6.11"]
[White "Matamoros Franco, Carlos S."]
[Black "Soumya, Swaminathan"]
[Result "1/2-1/2"]
[Annotator "RC"]
[ECO "E65"]
[WhiteElo "2394"]
[BlackElo "2243"]
[PlyCount "54"]
[EventDate "2025.01.10"]
[EventType "swiss"]
[EventCountry "ESP"]
[SourceTitle "playchess.com"]
[Source "ChessBase"]
[SourceQuality "1"]
[TimeControl "5400+30"]

1. Nf3 Nf6 2. g3 g6 3. Bg2 Bg7 4. c4 O-O 5. Nc3 c5 6. O-O Nc6 7. d4 d6 8. dxc5 dxc5 9. Be3 Be6 10. Qa4 Nd4 11. Rac1 a6 12. Qa3 Bxc4 13. Qxc5 Nxe2+ 14. Nxe2 Bxe2 15. Rfe1 Bb5 16. Nd4 Ng4 17. Nxb5 axb5 18. Rcd1 Qc8 19. Qxe7 Nxe3 20. Rxe3 Qc2 21. Red3 Rxa2 22. R3d2 Qf5 23. Qxb7 Rxb2 24. Rxb2 Bxb2 25. Rd5 Qf6 26. Rxb5 Bd4 27. Qf3 Qxf3 1/2-1/2

[Event "50th Ciudad Sevilla 2024"]
[Site "Sevilla"]
[Date "2025.01.15"]
[Round "6.12"]
[White "Eliseev, Sergey"]
[Black "Lin, Yingrui"]
[Result "1-0"]
[Annotator "RC"]
[ECO "B42"]
[WhiteElo "2174"]
[BlackElo "2393"]
[PlyCount "65"]
[EventDate "2025.01.10"]
[EventType "swiss"]
[EventCountry "ESP"]
[SourceTitle "playchess.com"]
[Source "ChessBase"]
[SourceQuality "1"]
[TimeControl "5400+30"]

1. e4 c5 2. Nf3 e6 3. d4 cxd4 4. Nxd4 a6 5. Bd3 Qc7 6. c4 Nc6 7. Ne2 Bd6 8. Be3 Ne5 9. Nbc3 Ne7 10. h3 Bc5 11. Nd4 Qb6 12. Be2 N5c6 13. Na4 Qa5+ 14. Bd2 Bb4 15. Nxc6 dxc6 16. Nc3 Qe5 17. Qc2 Ng6 18. g3 Qc7 19. Be3 O-O 20. a3 Bxc3+ 21. Qxc3 c5 22. h4 e5 23. h5 Ne7 24. h6 g6 25. f4 f6 26. fxe5 fxe5 27. O-O-O b6 28. Qd3 Nc6 29. Qd5+ Rf7 30. Rhf1 Bb7 31. Qxf7+ Qxf7 32. Rf4 Qf6 33. Rxf6 1-0

[Event "50th Ciudad Sevilla 2024"]
[Site "Sevilla"]
[Date "2025.01.15"]
[Round "6.13"]
[White "Lohia, Sohum"]
[Black "Evenshaug, Amadeus Hestvik"]
[Result "1/2-1/2"]
[Annotator "RC"]
[ECO "B52"]
[WhiteElo "2367"]
[BlackElo "2225"]
[PlyCount "53"]
[EventDate "2025.01.10"]
[EventType "swiss"]
[EventCountry "ESP"]
[SourceTitle "playchess.com"]
[Source "ChessBase"]
[SourceQuality "1"]
[TimeControl "5400+30"]

1. e4 c5 2. Nf3 d6 3. Bb5+ Bd7 4. c4 Nf6 5. Nc3 g6 6. Bxd7+ Qxd7 7. d4 cxd4 8. Nxd4 Nc6 9. f3 Bg7 10. Be3 O-O 11. O-O a6 12. a4 Rac8 13. b3 Qc7 14. Rc1 Qa5 15. Rf2 Rfe8 16. Re2 Nd7 17. Nd5 Nxd4 18. Bxd4 Bxd4+ 19. Qxd4 Qc5 20. Qxc5 Nxc5 21. Rb1 Nd7 22. Kf2 Kf8 23. Rd2 Rc6 24. Nb4 Rb6 25. Nd5 Rc6 26. Nb4 Rb6 27. Nd5 1/2-1/2

[Event "50th Ciudad Sevilla 2024"]
[Site "Sevilla"]
[Date "2025.01.15"]
[Round "6.14"]
[White "Tahay, Alexis"]
[Black "Doraszelski, Alexander"]
[Result "1-0"]
[Annotator "RC"]
[ECO "B90"]
[WhiteElo "2364"]
[BlackElo "2171"]
[PlyCount "71"]
[EventDate "2025.01.10"]
[EventType "swiss"]
[EventCountry "ESP"]
[SourceTitle "playchess.com"]
[Source "ChessBase"]
[SourceQuality "1"]
[TimeControl "5400+30"]

1. e4 c5 2. Nf3 d6 3. d4 cxd4 4. Nxd4 Nf6 5. Nc3 a6 6. Bd3 g6 7. O-O Bg7 8. Re1 O-O 9. Bf1 e5 10. Nb3 h6 11. Be3 Be6 12. Qd2 Ng4 13. Rad1 Qh4 14. h3 Nxe3 15. Qxe3 Qe7 16. Qb6 Nc6 17. Nd5 Bxd5 18. exd5 Nb8 19. Na5 Nd7 20. Qxb7 f5 21. Nc6 Qe8 22. Qc7 Rf6 23. b4 e4 24. Nd4 f4 25. Ne6 e3 26. fxe3 f3 27. gxf3 Rxf3 28. Bg2 Rg3 29. Nxg7 Kxg7 30. Qxd6 Rxg2+ 31. Kxg2 Qe4+ 32. Kh2 Ne5 33. Qe7+ Kg8 34. Qe6+ Kg7 35. Rf1 Qxe3 36. Rf7+ 1-0

[Event "50th Ciudad Sevilla 2024"]
[Site "Sevilla"]
[Date "2025.01.15"]
[Round "6.15"]
[White "Saad, Gabriel"]
[Black "Bukal, Vladimir Jr."]
[Result "1-0"]
[Annotator "TA"]
[ECO "B10"]
[WhiteElo "2148"]
[BlackElo "2356"]
[PlyCount "97"]
[EventDate "2025.01.10"]
[EventType "swiss"]
[EventCountry "ESP"]
[SourceTitle "playchess.com"]
[Source "ChessBase"]
[SourceQuality "1"]
[TimeControl "5400+30"]

1. e4 c6 2. Nf3 d5 3. Nc3 dxe4 4. Nxe4 Nf6 5. Qe2 Bf5 6. Nxf6+ gxf6 7. d3 e6 8. Bd2 Na6 9. a3 Be7 10. g3 Qb6 11. b4 Nc7 12. Bg2 O-O 13. O-O Rfd8 14. Rfb1 Ne8 15. Be3 Qc7 16. Nd4 (16. a4 $16) 16... Bg6 $14 17. h4 Ng7 18. Bf3 h5 19. Kg2 (19. Nb3 $14) 19... e5 $11 20. Nb3 f5 (20... Re8 $11) 21. Bh6 $1 $14 Bf6 22. Bxg7 Kxg7 23. Bxh5 Bh7 (23... e4 $14) 24. Rd1 (24. Rh1 $16) 24... Re8 25. Rab1 Kh8 26. Rh1 Re7 27. Nd2 Rg8 28. Rbe1 a5 29. Nf3 axb4 30. axb4 Qd6 31. Qd2 e4 ({Black should try} 31... f4 $1 $11) 32. Ng5 Qd5 (32... Kg7 $14) 33. Kg1 (33. Qf4 $16 {and dxe4 should not be overlooked} Bxg5 (33... exd3+ $2 34. Bf3 $18) 34. hxg5) 33... Bd4 $2 (33... Rge8 $14) 34. dxe4 (34. Bxf7 $142 Qe5 (34... Rxf7 $2 35. dxe4 Bxf2+ 36. Qxf2 $18) 35. Bxg8 Bxg8 36. Kh2 (36. dxe4 $2 Qxg3+ 37. Kf1 Bc4+ 38. Re2 Qxf2#)) 34... fxe4 (34... Qe5 {was called for.}) 35. Bxf7 $18 Qe5 36. Bxg8 e3 37. Rxe3 (37. Nxh7 $2 {is the wrong capture.} Qxg3+ (37... exd2 $2 38. Rxe5 Rxe5 39. Kg2 $19) 38. fxg3 exd2+ 39. Kg2 Rxe1 $19 (39... dxe1=R $2 40. Rxe1 Rxe1 41. Bc4 $19) (39... dxe1=N+ $2 40. Kh2 $19) (39... dxe1=B $2 40. Bc4 $19)) 37... Bxe3 38. Qxe3 Qxe3 39. fxe3 Bxg8 {[%emt 0:00:12][%mdl 4096] Endgame KRB-KRN. White is 3 pawns up.} 40. Kf2 Rd7 41. Re1 Bc4 42. e4 Rd2+ 43. Kf3 Rxc2 44. e5 Ra2 45. e6 Ra8 46. Kf4 Kg7 47. Rd1 Kf6 48. Rd7 {[%emt 0:00:23] h5 would kill now.} Bd5 49. h5 ({Not} 49. Rxb7 Bxe6 50. Ne4+ (50. Nxe6 Kxe6 51. h5 Rf8+ 52. Kg5 Rg8+ 53. Kh4 Kf5 $18) 50... Kg6 $18) 1-0

[Event "50th Ciudad Sevilla 2024"]
[Site "Sevilla"]
[Date "2025.01.15"]
[Round "6.16"]
[White "Campora, Daniel H."]
[Black "Rodriguez Pereira, Enrique"]
[Result "1-0"]
[Annotator "RC"]
[ECO "B74"]
[WhiteElo "2353"]
[BlackElo "2167"]
[PlyCount "65"]
[EventDate "2025.01.10"]
[EventType "swiss"]
[EventCountry "ESP"]
[SourceTitle "playchess.com"]
[Source "ChessBase"]
[SourceQuality "1"]
[TimeControl "5400+30"]

1. e4 c5 2. Nf3 Nc6 3. d4 cxd4 4. Nxd4 g6 5. Nc3 Bg7 6. Be3 Nf6 7. Be2 O-O 8. Nb3 d6 9. O-O Be6 10. f4 Rc8 11. f5 Bxb3 12. axb3 a6 13. g4 Nd7 14. g5 Nb4 15. Qd2 Qc7 16. Rf2 Rfd8 17. Raf1 Ne5 18. f6 exf6 19. gxf6 Bh8 20. Na4 b5 21. Bb6 Qb7 22. Bxd8 Rxd8 23. Qxb4 Nc6 24. Qc3 bxa4 25. bxa4 Ne5 26. Qd4 Qc6 27. b3 Nd7 28. a5 Re8 29. Qd5 Qc5 30. Bc4 Ne5 31. Qxc5 dxc5 32. Bxa6 Ra8 33. Rd2 1-0

[Event "50th Ciudad Sevilla 2024"]
[Site "Sevilla"]
[Date "2025.01.15"]
[Round "6.17"]
[White "Navrotescu, Andreea"]
[Black "Chacon Perez, Juan"]
[Result "1/2-1/2"]
[Annotator "RC"]
[ECO "A18"]
[WhiteElo "2320"]
[BlackElo "2143"]
[PlyCount "84"]
[EventDate "2025.01.10"]
[EventType "swiss"]
[EventCountry "ESP"]
[SourceTitle "playchess.com"]
[Source "ChessBase"]
[SourceQuality "1"]
[TimeControl "5400+30"]

1. c4 Nf6 2. Nc3 e6 3. e4 d5 4. e5 d4 5. exf6 dxc3 6. bxc3 Qxf6 7. d4 e5 8. Nf3 exd4 9. Bg5 Qe6+ 10. Be2 Be7 11. Bxe7 d3 12. O-O Qxe7 13. Bxd3 O-O 14. Qc2 h6 15. Rfe1 Qf6 16. Nd4 Na6 17. Re3 Nc5 18. Rae1 Nxd3 19. Qxd3 Bd7 20. c5 Rfe8 21. Rxe8+ Rxe8 22. Rxe8+ Bxe8 23. Qe4 Bc6 24. Nxc6 bxc6 25. g3 Qxc3 26. Qxc6 Qa1+ 27. Kg2 Qxa2 28. Qxc7 Qd5+ 29. f3 Qa2+ 30. Kh3 Qe6+ 31. g4 h5 32. c6 hxg4+ 33. Kg3 Qe1+ 34. Kxg4 Qg1+ 35. Qg3 f5+ 36. Kh5 Qe3 37. f4 Qe8+ 38. Qg6 Qe2+ 39. Kh4 Qxh2+ 40. Kg5 Qg2+ 41. Kxf5 Qc2+ 42. Kg5 Qg2+ 1/2-1/2

[Event "50th Ciudad Sevilla 2024"]
[Site "Sevilla"]
[Date "2025.01.15"]
[Round "6.18"]
[White "Lasinskas, Povilas"]
[Black "Ouellet, Maili-Jade"]
[Result "0-1"]
[Annotator "RC"]
[ECO "B33"]
[WhiteElo "2099"]
[BlackElo "2319"]
[PlyCount "82"]
[EventDate "2025.01.10"]
[EventType "swiss"]
[EventCountry "ESP"]
[SourceTitle "playchess.com"]
[Source "ChessBase"]
[SourceQuality "1"]
[TimeControl "5400+30"]

1. e4 c5 2. Nf3 Nc6 3. d4 cxd4 4. Nxd4 Nf6 5. Nc3 e5 6. Ndb5 d6 7. Bg5 a6 8. Na3 b5 9. Nd5 Be7 10. Bxf6 Bxf6 11. c4 b4 12. Nc2 O-O 13. Bd3 a5 14. O-O Bg5 15. b3 Be6 16. a3 bxa3 17. Rxa3 g6 18. Qe2 Rb8 19. Rb1 Rb7 20. Qe1 Qb8 21. Nc3 Bd8 22. Nd5 f5 23. b4 Bxd5 24. exd5 Nxb4 25. Nxb4 axb4 26. Ra4 e4 27. Bf1 b3 28. Qe3 b2 29. c5 Rb3 30. Qf4 dxc5 31. d6 Rb4 32. Rxb4 Qxb4 33. Qe5 Bf6 34. Qe6+ Kg7 35. g3 Qd2 36. Qa2 Bd4 37. Kh1 Qxf2 38. Bg2 Qc2 39. Rf1 e3 40. d7 e2 41. Rg1 Qd1 0-1

[Event "50th Ciudad Sevilla 2024"]
[Site "Sevilla"]
[Date "2025.01.15"]
[Round "6.19"]
[White "Aamodt, Peder Marcus"]
[Black "Campos, Maria Jose"]
[Result "0-1"]
[Annotator "ChessBase"]
[ECO "D30"]
[WhiteElo "2082"]
[BlackElo "2271"]
[PlyCount "60"]
[EventDate "2025.01.10"]
[EventType "swiss"]
[EventCountry "ESP"]
[SourceTitle "playchess.com"]
[Source "ChessBase"]
[SourceQuality "1"]
[TimeControl "5400+30"]

1. d4 d5 2. c4 e6 3. Nf3 Nf6 4. g3 Nbd7 5. Bg2 dxc4 6. O-O c6 7. a4 a5 8. Nc3 h6 9. e4 Bb4 10. Qe2 O-O 11. e5 Nd5 12. Qxc4 b5 13. Qb3 bxa4 14. Qc2 Ba6 15. Rd1 a3 16. Ne4 axb2 17. Bxb2 Qe7 18. Nfd2 Bb5 19. Nc4 a4 20. Na3 Rfc8 21. Bf1 Rab8 22. Bd3 Rc7 23. Bc1 f5 24. exf6 N7xf6 25. Nxf6+ Qxf6 26. Nc4 Bc3 27. Rb1 Bxd4 28. Nd6 Rf8 29. Ne4 Qf3 30. Ba3 Ne3 0-1

[Event "50th Ciudad Sevilla 2024"]
[Site "Sevilla"]
[Date "2025.01.15"]
[Round "6.20"]
[White "Pogorelov, Ruslan"]
[Black "Muzika, Paul"]
[Result "1-0"]
[Annotator "RC"]
[ECO "D38"]
[WhiteElo "2266"]
[BlackElo "2070"]
[PlyCount "145"]
[EventDate "2025.01.10"]
[EventType "swiss"]
[EventCountry "ESP"]
[SourceTitle "playchess.com"]
[Source "ChessBase"]
[SourceQuality "1"]
[TimeControl "5400+30"]

1. Nf3 d5 2. d4 Nf6 3. c4 e6 4. Nc3 Bb4 5. Qa4+ Nc6 6. e3 O-O 7. Qc2 dxc4 8. Bxc4 Bd6 9. O-O e5 10. d5 Ne7 11. h3 c6 12. dxc6 Nxc6 13. a3 Qe7 14. Ng5 g6 15. Bd2 Bf5 16. e4 Nd4 17. Qd3 Bd7 18. Nf3 Ne6 19. Rad1 Bc6 20. Rfe1 Rad8 21. Qb1 Bb8 22. Bh6 Rxd1 23. Rxd1 Rd8 24. Nd5 Bxd5 25. exd5 Ng7 26. Ng5 Qd6 27. Ne4 Nxe4 28. Qxe4 Nf5 29. Bd2 a6 30. Ba5 Bc7 31. Bb4 Qf6 32. Bc3 Re8 33. f4 Qh4 34. Qf3 e4 35. Qf2 Qxf2+ 36. Kxf2 Bb6+ 37. Ke2 Ne3 38. Bb3 Nxd1 39. Bxd1 Bc7 40. Ke3 f5 41. g4 g5 42. fxg5 f4+ 43. Kd2 f3 44. Ke3 Bb6+ 45. Kf4 Bc7+ 46. Ke3 Be5 47. Bb4 Bxb2 48. d6 Bc1+ 49. Kf2 Bxg5 50. Bb3+ Kg7 51. d7 Rd8 52. Be6 Kf6 53. Bf5 Bh4+ 54. Ke3 Bg5+ 55. Kf2 Ke5 56. Bc3+ Kd5 57. Ba5 Rf8 58. Bb4 Rh8 59. Bc3 Ra8 60. Bxh7 Kc4 61. Ba5 Kd3 62. Bf5 Bh4+ 63. Kf1 b6 64. Be1 Bxe1 65. Kxe1 Ke3 66. h4 Kf4 67. h5 e3 68. h6 b5 69. h7 a5 70. Be6 Rd8 71. g5 Kg3 72. g6 e2 73. g7 1-0